 Dungeon Crawl Stone Soup version 0.32-a0-543-gefe97123c3 (webtiles) character file.

Game seed: 10465095389159450972

4 GordonOverkill the Sneak (level 1, -7/13 HPs)
             Began as a Deep Elf Delver on Feb 29, 2024.
             Mangled by a gnoll
             ... wielding a +0 halberd
              (9 damage)
             ... on level 5 of the Dungeon.
             The game lasted 00:00:29 (133 turns).

GordonOverkill the Sneak (Deep Elf Delver)           Turns: 133, Time: 00:00:30

Health: -7/13      AC:  3    Str:  9    XL:     1   Next: 58%
Magic:  3/3        EV: 12    Int: 14    God:
Gold:   12         SH:  0    Dex: 16    Spells: 0/0 levels left

rFire   . . .        a - +0 spear
rCold   . . .        (no shield)
rNeg    . . .        b - +0 leather armour
rPois   .            (no helmet)
rElec   .            (no cloak)
rCorr   .            (no gloves)
SInv    .            (no boots)
Will    .....        (no amulet)
Stlth   +++          (no ring)
HPRegen 0.22/turn    (no ring)
MPRegen 0.08/turn

%: no passive effects
@: no status effects
A: no striking features
a: no special abilities


You were on level 5 of the Dungeon.
You visited 1 branch of the dungeon, and saw 2 of its levels.

You collected 12 gold pieces.

Inventory:

Hand Weapons
 a - a +0 spear (weapon)
Armour
 b - a +0 leather armour (worn)
Wands
 g - a wand of digging (3)
Scrolls
 c - a scroll of fog
 d - a scroll of revelation
 e - a scroll of fear
 h - a scroll of identify {unknown}
Potions
 f - a potion of haste
 i - a potion of curing {unknown}


   Skills:
 + Level 2.7 Fighting
 - Level 1.3 Polearms
 - Level 2.4 Dodging
 - Level 6.0 Stealth


You couldn't memorise any spells.
You didn't know any spells.
Your spell library was empty.

Dungeon Overview and Level Annotations

Branches:
Dungeon (6/15)
 Temple: D:4-7

Altars:


Message History

You are too injured to fight recklessly!
You hit the kobold.
The kobold is severely wounded.
The kobold hits you with a +0 club.
You are too injured to fight recklessly!
You hit the kobold but do no damage.
The kobold is severely wounded.
The kobold barely misses you.
You hit the kobold but do no damage.
The kobold is severely wounded.
The kobold hits you but does no damage.
You hit the kobold.
You kill the kobold!
You see here a +0 club.
There is an open door here.
There is an open door, spattered with blood here.
You see here a +0 club.
Things that are here:
a +0 club; a +0 sling; a goblin corpse You open the door.
A gnoll comes into view. It is wielding a +0 halberd.
There is an open door here.
The helpless gnoll fails to defend itself.
You hit the gnoll.
The gnoll is lightly wounded.
The gnoll hits you with a +0 halberd!
Ouch! That really hurt!
* * * LOW HITPOINT WARNING * * *
You closely miss the gnoll.
The gnoll is lightly wounded.
The gnoll hits you with a +0 halberd.
* * * LOW HITPOINT WARNING * * *
You closely miss the gnoll.
The gnoll is lightly wounded.
The gnoll barely misses you.
You hit the gnoll but do no damage.
The gnoll is lightly wounded.
The gnoll hits you with a +0 halberd!
Ouch! That really hurt!
You die...

#...#...##.........
#.).#......>.....#
##'##...###......#
#..#....# #......#
#..#....# ########
##)##...# #.)'...#
#).#.......
#@##.#.#.##
#g.#..#.#.#
+..#....# # ####...
# ..... ...


You could see a gnoll.

Vanquished Creatures
  2 goblins (D:5)
  2 kobolds (D:5)
4 creatures vanquished.

Notes
Turn   | Place    | Note
-------+----------+-------------------------------------------
     0 | D:5      | GordonOverkill the Deep Elf Delver began the quest for the
                  | Orb.
     0 | D:5      | Reached XP level 1. HP: 13/13 MP: 3/3
    10 | D:6      | Noticed a steam dragon
   133 | D:5      | Mangled by a gnoll

Illustrated notes

Levels and vault maps discovered:
D:5:      corexii_shantytown, layout_basic, kennysheep_little_box,
          kennysheep_mini_moat, enter_ossuary_3
D:6:      layout_cave_pools, led_sif_pool, uniq_grinder

Action                     || total
---------------------------++-------
  Melee: Spear             ||    23
   Stab: Sleeping          ||     5
 Armour: Leather armour    ||     9
  Dodge: Dodged            ||    10

Table legend: (Time is in decaauts)
 A = Elapsed time spent in this place.
 B = Non-inter-level travel time spent in this place.
 C = Inter-level travel time spent in this place.
 D = Time resting spent in this place.
 E = Time spent auto-exploring this place.
 F = Levels seen in this place.
 G = Mean time per level.
                   A        B        C        D        E       F      G
               +--------+--------+--------+--------+--------+-----+--------+
         Total |    134 |    134 |      0 |     51 |      0 |   2 |   67.0 |
       Dungeon |    134 |    134 |      0 |     51 |      0 |   2 |   67.0 |
               +--------+--------+--------+--------+--------+-----+--------+

Top non-repeatable levels by time:
     D:5: 107 daAuts
     D:6: 26 daAuts
